 Dungeon Crawl Stone Soup version 0.23.2 (webtiles) character file.

Game seed: 7925838035088073919

196 Borgoz the Skirmisher (level 5, -1/46 HPs)
             Began as a Ghoul Monk on Apr 4, 2019.
             Killed by divine providence
             ... invoked by an orc priest
              (16 damage)
             ... on level 3 of the Dungeon.
             The game lasted 00:03:32 (2452 turns).

Borgoz the Skirmisher (Ghoul Monk)                  Turns: 2452, Time: 00:03:32

Health: -1/46      AC:  5    Str: 14 (15) XL:     5   Next: 75%
Magic:  4/4        EV: 17    Int:  5      God:
Gold:   121        SH:  0    Dex: 15 (17) Spells: 4/4 levels left

rFire    . . .     SeeInvis .   b - +0 rapier
rCold    + . .     Gourm    .   (no shield)
rNeg     + + +     Faith    .   h - +0 ring mail
rPois    ∞         Spirit   .   (no helmet)
rElec    .         Reflect  .   (no cloak)
rCorr    .         Harm     .   (no gloves)
MR       .....                  (no boots)
Stlth    +++.......             (no amulet)
HPRegen  0.00/turn              (no ring)
MPRegen  0.09/turn              (no ring)

@: agile, rotting
A: rotting body, claws 1, carnivore, cold resistance 1, negative energy
resistance 3, inhibited regeneration, torment resistance, unbreathing
a: no special abilities


You were on level 3 of the Dungeon.
You were not hungry.

You visited 1 branch of the dungeon, and saw 4 of its levels.

You collected 121 gold pieces.

Inventory:

Hand Weapons
 a - a +0 short sword
 b - a +0 rapier (weapon)
Missiles
 o - 4 tomahawks (quivered)
Armour
 h - a +0 ring mail (worn)
Jewellery
 q - an uncursed amulet of rage {unknown}
Scrolls
 d - a scroll of enchant weapon {unknown}
 e - a scroll of immolation {unknown}
 g - 5 scrolls of identify {unknown}
 k - a scroll of noise {unknown}
 m - a scroll of enchant armour {unknown}
Potions
 i - a potion of cancellation
 j - a potion of lignification
Comestibles
 c - 7 rations
 p - a chunk of flesh


   Skills:
 + Level 3.9 Fighting
 * Level 3.8 Short Blades
 + Level 1.5 Armour
 * Level 3.8 Dodging
 + Level 3.1 Stealth


You had 4 spell levels left.
You didn't know any spells.
Your spell library was empty.

Dungeon Overview and Level Annotations

Branches:
Dungeon (4/15)
 Temple: D:4-7

Altars:
Cheibriados
Fedhas
Gozag
Yredelemnul


Innate Abilities, Weirdness & Mutations

Your body is rotting away.
You thrive on raw meat.
You are immune to poison.
You have sharp fingernails.
You are carnivorous and can eat meat at any time.
Your flesh is cold resistant. (rC+)
You are immune to negative energy. (rN+++)
You do not regenerate when monsters are visible.
You are immune to unholy pain and torment.
You can survive without breathing.


Message History

The giant cockroach closely misses you.
You hit the giant cockroach.
The giant cockroach is almost dead.
The giant cockroach closely misses you.
Your ring mail prevents you from hitting the giant cockroach.
The giant cockroach is almost dead.
The giant cockroach barely misses you.
The orc priest calls upon Beogh to heal the orc wizard.
The orc wizard's wounds heal themselves!
You hit the giant cockroach.
You kill the giant cockroach!
You barely miss the orc priest.
The orc priest is moderately wounded.
The orc priest misses you.
You hit the orc priest but do no damage.
The orc priest is moderately wounded.
You barely miss the orc wizard.
The orc priest calls down the wrath of Beogh upon you.
Beogh smites you!
You die...

#.#...#####.# #.#.#
#.........#.#######.#.#
####..###.#.##...##.#.#
#..###.#.........#.#
##..##.#.._......#.#
#####
#..##.#.........#.#
....#
##.##.#....8.._...#
....#
#..#.#..........##
....# ##.#@##._.......#
....# #.#o##........##
##### #..o####......#
##>.# #.###.## #..#
#.....# #..# #.#####
#..# #.# #..# #.#
#..####.#


You could see an orc priest and an orc wizard.

Vanquished Creatures
  2 hounds
  4 adders
  2 oozes
  4 worms
  2 dart slugs
  4 leopard geckos
  4 orcs
  4 giant cockroaches
  8 goblins
  2 hobgoblins
  4 jackals (D:3)
  6 kobolds
  5 quokkas
  9 bats
  5 frilled lizards
  10 rats
  A spectral orc (D:3)
76 creatures vanquished.

Notes
Turn   | Place    | Note
-------+----------+-------------------------------------------
     0 | D:1      | Borgoz the Ghoul Monk began the quest for the Orb.
     0 | D:1      | Reached XP level 1. HP: 19/19 MP: 0/0
   211 | D:1      | Reached XP level 2. HP: 24/26 MP: 1/1
   790 | D:2      | Reached XP level 3. HP: 26/31 MP: 2/2
  1150 | D:2      | Reached skill level 1 in Armour
  1150 | D:2      | Reached XP level 4. HP: 27/39 MP: 3/3
  1611 | D:3      | Found an opulent altar of Gozag.
  1611 | D:3      | Found a snail-covered altar of Cheibriados.
  1618 | D:3      | Found a blossoming altar of Fedhas.
  1661 | D:3      | Reached XP level 5. HP: 45/46 MP: 4/4
  1998 | D:3      | Found a basalt altar of Yredelemnul.
  2452 | D:3      | Killed from afar by an orc priest

Skill      XL: |  1  2  3  4  5 |
---------------+----------------+-----
Dodging        | 3 |  3.8
Short Blades   | 3 |  3.8
Armour         | 1 |  1.5
Stealth        | 3 |  3.1
Fighting       | |  3.9

Action                   |  1- 3 |  4- 6 || total
-------------------------+-------+-------++-------
Melee: Short sword       |   121 |    53 ||   174
       Rapier            |       |   149 ||   149
  Use: Potion            |       |    10 ||    10
 Stab: Sleeping          |     4 |     1 ||     5
  Eat: Chunk             |     4 |     8 ||    12
Armor: Robe              |     5 |       ||     5
       Ring mail         |    55 |    63 ||   118
Dodge: Dodged            |    67 |   155 ||   222
